 Dungeon Crawl Stone Soup version 0.29.1-15-g9cfb28693d (webtiles) character file.

Game seed: 7486426129939848016

2786 dudediamond6 the Cleaver (level 9, -5/82 HPs)
             Began as a Hill Orc Fighter on Mar 24, 2023.
             Was a Follower of Beogh.
             Slain by a hornet (11 damage)
             ... on level 9 of the Dungeon.
             The game lasted 00:10:47 (9775 turns).

dudediamond6 the Cleaver (Hill Orc Fighter)         Turns: 9775, Time: 00:10:48

Health: -5/82      AC: 13    Str: 27    XL:     9   Next: 70%
Magic:  18/18      EV:  8    Int:  8    God:    Beogh [*.....]
Gold:   493        SH:  4    Dex: 10    Spells: 8/8 levels left

rFire   . . .      SeeInvis .   a - +0 war axe
rCold   . . .      Faith    .   c - +0 buckler
rNeg    + . .      Spirit   .   z - +0 chain mail
rPois   +          Reflect  .   (no helmet)
rElec   .          Harm     .   w - +0 cloak
rCorr   +          Rampage  .   (no gloves)
Will    .....                   G - +0 pair of boots of Walauj {*Corrode Regen+ MP+9 Str+4}
Stlth   ..........              (no amulet)
HPRegen 1.03/turn               s - ring of Leutricu {rPois rN+ Stlth+}
MPRegen 0.16/turn               x - ring of resist corrosion

@: lethally poisoned (-5 -> -5), slowed, very slow
A: no striking features
a: Renounce Religion


You were on level 9 of the Dungeon.
You worshipped Beogh.
Beogh was aware of your devotion.
You visited 1 branch of the dungeon, and saw 9 of its levels.
You also visited: Sewer.

You collected 665 gold pieces.
You spent 172 gold pieces at shops.

Inventory:

Hand Weapons
 a - a +0 war axe (weapon)
 M - the +0 hand axe of Eternity {antimagic, rPois rN+ Will- Stlth+}
   (You found it on level 9 of the Dungeon)

   It reduces the magical energy of the wielder, and disrupts the spells and
   magical abilities of those it strikes.
   Natural abilities and divine invocations are not affected.
   rPois:     It protects you from poison.
   rN:        It protects you from negative energy.
   Will:      It decreases your willpower.
   Stlth:     It makes you more stealthy.
Armour
 b - a +0 scale mail
 c - a +0 buckler (worn)
 w - a +0 cloak (worn)
 z - a +0 chain mail (worn)
 G - the +0 pair of boots of Walauj (worn) {*Corrode Regen+ MP+9 Str+4}
   (You found it on level 7 of the Dungeon)

   Str:       It affects your strength (+4).
   MP:        It affects your magic capacity (+9).
   Regen:     It increases your rate of health regeneration.
   *Corrode:  It may corrode you when you take damage.
Jewellery
 s - the ring of Leutricu (left hand) {rPois rN+ Stlth+}
   (You bought it in a shop on level 2 of the Dungeon)

   [ring of poison resistance]

   rPois:     It protects you from poison.
   rN:        It protects you from negative energy.
   Stlth:     It makes you more stealthy.
 t - a ring of protection from cold
 x - a ring of resist corrosion (right hand)
 J - a ring of poison resistance
 L - a +6 ring of intelligence
Wands
 I - a wand of iceblast (11)
 K - a wand of digging (4)
Scrolls
 f - 3 scrolls of butterflies {unknown}
 h - 2 scrolls of amnesia
 j - 4 scrolls of immolation
 l - 4 scrolls of magic mapping
 n - 2 scrolls of torment
 p - 9 scrolls of teleportation {unknown}
 q - 2 scrolls of poison {unknown}
 v - 4 scrolls of identify
 y - a scroll of enchant weapon {unknown}
 A - a scroll of acquirement {unknown}
 E - a scroll of vulnerability {unknown}
 F - 2 scrolls of summoning {unknown}
 H - a scroll of noise {unknown}
Potions
 d - 4 potions of might
 e - 3 potions of lignification {unknown}
 g - 2 potions of brilliance {unknown}
 i - a potion of invisibility
 k - 2 potions of haste {unknown}
 m - 4 potions of curing {unknown}
 o - a potion of cancellation {unknown}
 r - a potion of ambrosia {unknown}
 u - 3 potions of attraction {unknown}
 B - a potion of degeneration {unknown}
 C - 2 potions of heal wounds {unknown}
 D - a potion of magic {unknown}


   Skills:
 * Level 8.4 Fighting
 * Level 12.7 Axes
 + Level 6.7 Armour
 + Level 4.4 Shields


You had 8 spell levels left.
You didn't know any spells.
Your spell library contained the following spells:

 Spells                   Type           Power      Damage    Failure   Level
 Apportation              Tloc           0%         N/A       96%         1
 Magic Dart               Conj           0%         1d3       96%         1
 Call Imp                 Summ           0%         N/A       99%         2
 Ensorcelled Hibernation  Hex/Ice        0%         N/A       99%         2
 Ignite Poison            Fire/Tmut/Pois 0%         N/A       100%        3
 Mephitic Cloud           Conj/Pois/Air  0%         N/A       100%        3
 Spider Form              Tmut/Pois      0%         N/A       100%        3
 Anguish                  Hex/Necr       0%         N/A       100%        4
 Alistair's Intoxication  Tmut/Pois      0%         N/A       100%        5
 Freezing Cloud           Conj/Ice/Air   0%         6-21      100%        5


Dungeon Overview and Level Annotations

Branches:
Dungeon (9/15)             Temple (0/1) D:7           Sewer (visited)
   Lair: D:8-11         Orc: D:9-12

Altars:
Cheibriados
Nemelex Xobeh
Ru
Trog
Zin
The Shining One
Jiyva

Shops:
D:2 *?[   D:3 [?   D:4 ?   D:5 ?

Annotations:
D:7 2 transporters, dummyshad0w's ghost, novice DsSu


Message History

The hornet is moderately wounded.
You feel sick. The hornet stings you.
You are more poisoned.
You feel as though you will be slow longer.
The hornet barely misses you.
You closely miss the hornet.
The hornet is lightly wounded.
You feel very sick. The hornet stings you!
You are more poisoned.
The hornet stings you but does no damage.
You barely miss the hornet.
The hornet is lightly wounded.
You feel very sick.
The hornet stings you but does no damage. x2
You barely miss the hornet.
The hornet is lightly wounded.
You feel very sick. The hornet stings you.
The hornet stings you but does no damage.
You hit the hornet.
The hornet is moderately wounded.
You feel very sick. The hornet closely misses you. The hornet stings you.
You slice the hornet!!
The hornet is almost dead.
You feel yourself speed up.
You feel very sick. The hornet completely misses you. The hornet stings you.
* * * LOW HITPOINT WARNING * * *
You feel yourself slow down.
You barely miss the hornet.
The hornet is almost dead.
You feel sick. The hornet stings you!
* * * LOW HITPOINT WARNING * * *
The hornet stings you but does no damage.
You miss the hornet.
The hornet is almost dead.
You feel sick. The hornet stings you!
You die...

#..## ##..#
##.#
#######'####
#..........#
#..........#
#..........#
#...!......#
#.....@....#
#.....y....+
#..........#
#..........#
#..........#
#..........#
#..........#
#..........#


You could see a hornet.

Vanquished Creatures
  Grinder (D:5)
  A wyvern (D:8)
  A water moccasin (Sewer)
  An ice beast (D:6)
  A sky beast (D:7)
  A centaur (D:7)
  3 kobold brigands
  4 bullfrogs
  6 scorpions
  9 wights
  4 jellies (D:8)
  An orc priest (D:9)
  A hound (D:6)
  A gnoll bouda (D:7)
  3 iguanas
  4 orc wizards
  Natasha (thrice) (D:3)
  10 gnolls
  6 adders
  2 shadow imps (D:8)
  2 white imps
  2 ufetubi
  4 worms
  3 dart slugs
  11 orcs
  7 ball pythons
  10 bats
  8 endoplasms
  3 giant cockroaches
  11 hobgoblins
  7 jackals
  6 quokkas
  4 frilled lizards
  9 goblins
  21 kobolds
  7 rats
178 creatures vanquished.

Vanquished Creatures (others)
  A howler monkey (D:6)
1 creature vanquished.

Grand Total: 179 creatures vanquished

Notes
Turn   | Place    | Note
-------+----------+-------------------------------------------
     0 | D:1      | dudediamond6 the Hill Orc Fighter began the quest for the
                  | Orb.
     0 | D:1      | Reached XP level 1. HP: 19/19 MP: 1/1
    84 | D:1      | Reached XP level 2. HP: 9/27 MP: 2/2
    91 | D:1      | Reached skill level 3 in Axes
   492 | D:1      | Reached XP level 3. HP: 26/33 MP: 3/3
  1238 | D:2      | Found Elareuff's Assorted Antiques.
  1332 | D:2      | Found Seuc's Magic Scroll Shop.
  1340 | D:2      | Bought a scroll of identify for 22 gold pieces
  1520 | D:2      | Reached skill level 4 in Axes
  1520 | D:2      | Reached XP level 4. HP: 24/41 MP: 4/4
  1747 | D:2      | Found Itrycyra's Armour Boutique.
  2387 | D:3      | Noticed a scorpion
  2393 | D:3      | Killed a scorpion
  2394 | D:3      | Reached skill level 5 in Axes
  2394 | D:3      | Reached XP level 5. HP: 28/47 MP: 5/5
  2625 | D:3      | Found a faded altar of an unknown god.
  2720 | D:3      | Noticed Natasha
  2730 | D:3      | Killed Natasha
  2775 | D:3      | Found Sowkiog's Magic Scroll Emporium.
  2798 | D:3      | Found Dathriy's Armour Emporium.
  2875 | D:3      | Reached skill level 5 in Fighting
  2943 | D:3      | Noticed Natasha
  2950 | D:3      | Killed Natasha
  3022 | D:2      | Bought a slimy jade ring for 150 gold pieces
  3022 | D:2      | Identified the ring of Leutricu {rPois rN+ Stlth+} (You
                  | bought it in a shop on level 2 of the Dungeon)
  3144 | D:3      | Reached skill level 6 in Axes
  3192 | D:3      | Noticed a kobold brigand
  3294 | D:3      | Killed a kobold brigand
  3295 | D:3      | Reached XP level 6. HP: 17/56 MP: 6/6
  3340 | D:3      | Noticed Natasha
  3350 | D:3      | Killed Natasha
  3661 | D:3      | Reached skill level 7 in Axes
  4203 | D:4      | Reached XP level 7. HP: 27/61 MP: 7/7
  4420 | D:4      | Found Kestish's Magic Scroll Shoppe.
  4572 | D:4      | Found a snail-covered altar of Cheibriados.
  4695 | D:4      | Found a glowing golden altar of the Shining One.
  4799 | D:5      | Entered Level 5 of the Dungeon
  4845 | D:5      | Found Osuskev's Magic Scroll Shop.
  5016 | D:5      | Noticed Grinder
  5031 | D:5      | Paralysed by Grinder for 5 turns
  5048 | D:5      | Killed Grinder
  5049 | D:5      | Reached skill level 8 in Axes
  5245 | D:5      | Found a sacrificial altar of Ru.
  5257 | D:5      | Found a sparkling altar of Nemelex Xobeh.
  5365 | D:5      | Reached XP level 8. HP: 54/71 MP: 8/8
  5373 | D:5      | Reached skill level 9 in Axes
  6026 | D:6      | Reached skill level 5 in Armour
  6026 | D:6      | Found a glowing drain.
  6044 | Sewer    | Entered a sewer
  6588 | D:6      | Reached skill level 10 in Axes
  6949 | D:6      | Became a worshipper of Beogh the Brigand
  7665 | D:7      | Reached skill level 11 in Axes
  7779 | D:7      | Reached XP level 9. HP: 69/79 MP: 9/9
  7961 | D:7      | Noticed a moth of wrath
  7965 | D:7      | Noticed dummyshad0w's ghost (novice DsSu)
  8304 | D:7      | Found a transporter.
  8306 | D:7      | Found a bloodstained altar of Trog.
  8347 | D:7      | Found a transporter.
  8395 | D:7      | Found a staircase to the Ecumenical Temple.
  8410 | D:7      | Identified the +0 pair of boots of Walauj {*Corrode Regen+
                  | MP+9 Str+4}
  9274 | D:8      | Reached skill level 12 in Axes
  9285 | D:8      | Found a glowing silver altar of Zin.
  9376 | D:8      | Reached * piety under Beogh
  9409 | D:8      | Found a viscous altar of Jiyva.
  9711 | D:9      | Identified the +0 hand axe of Eternity {antimagic, rPois
                  | rN+ Will- Stlth+}
  9757 | D:9      | Noticed a hornet
  9775 | D:9      | Slain by a hornet

Illustrated notes

Levels and vault maps discovered:
D:1:      dpeg_arrival_water_temple_mockup, layout_basic
D:2:      layout_basic, serial_shops, shop, nicolae_shop_statue_plus,
          nicolae_square_shop, kennysheep_boxes
D:3:      cheibrodos_thug_alley, layout_loops_ring,
          hellmonk_ecumenical_altar_pennies_from_heaven, serial_shops, shop,
          shop_fountains, uniq_natasha
D:4:      layout_cave_pools, mainiacjoe_overflow_alcove_1, cheibriados_altar_1,
          serial_shops, nicolae_shop_behind_doors
D:5:      layout_loops_ring, amethyst_overflow_temple_binary, serial_shops,
          shop, uniq_grinder
D:6:      layout_basic, cheibrodos_sewer_entry_sluice,
          minmay_misc_feat_four_crosses
D:7:      layout_basic, minmay_temple_entry_glassed_door,
          gammafunk_ghost_wrathful_warriors, minivault_27, dk_rats_in_the_wall
D:8:      layout_gridville, zin_statuary, jiyva_altar_1
D:9:      layout_roguey

Skill      XL: |  1  2  3  4  5  6  7  8  9 |
---------------+----------------------------+-----
Fighting       | 4 5 6 7 8 |  8.4
Axes           | 3 4 5 6 7 8 11 12 | 12.7
Armour         | 4 6 |  6.7
Shields        | 4 |  4.4

Action                   |  1- 3 |  4- 6 |  7- 9 || total
-------------------------+-------+-------+-------++-------
Melee: War axe           |   119 |   145 |   356 ||   620
Invok: Convert to Beogh  |       |       |     1 ||     1
  Use: Scroll            |     5 |       |     1 ||     6
Armor: Scale mail        |    70 |    51 |    13 ||   134
       Chain mail        |       |       |   151 ||   151
Dodge: Dodged            |    63 |    68 |   129 ||   260
Block: Buckler           |    19 |    25 |    78 ||   122
